 Dungeon Crawl Stone Soup version 0.29-a0-82-g837932c90e (webtiles) character file.

Game seed: 4213648018848399630

11 Cecur the Magician (level 2, 0/20 HPs)
             Began as a Draconian Wanderer on Feb 5, 2022.
             Was a High Priest of Ignis.
             Slain by a hobgoblin (3 damage)
             ... on level 1 of the Dungeon.
             The game lasted 00:01:03 (545 turns).

Cecur the Magician (Draconian Wanderer)              Turns: 545, Time: 00:01:04

Health: 0/20       AC:  5    Str: 11    XL:     2   Next: 17%
Magic:  7/7        EV: 12    Int: 13    God:    Ignis [*****.]
Gold:   8          SH:  0    Dex: 12    Spells: 8/9 levels left

rFire   + . .      SeeInvis .   a - +2 dagger
rCold   . . .      Faith    .   (no shield)
rNeg    . . .      Spirit   .   (armour unavailable)
rPois   .          Reflect  .   (helmet restricted)
rElec   .          Harm     .   (no cloak)
rCorr   .          Rampage  .   (no gloves)
Will    .....                   c - +0 pair of boots
Stlth   ++........              (no amulet)
HPRegen 0.06/turn               (no ring)
MPRegen 0.10/turn               (no ring)

@: no status effects
A: AC +4, unfitting armour, cold-blooded
a: Renounce Religion, Fiery Armour, Foxfire Swarm, Rising Flame


You were on level 1 of the Dungeon.
You worshipped Ignis.
Ignis was extremely pleased with you.
You visited 1 branch of the dungeon, and saw 1 of its levels.

You collected 8 gold pieces.

Inventory:

Hand Weapons
 a - a +2 dagger (weapon)
Armour
 c - a +0 pair of boots (worn)
Scrolls
 b - a scroll of blinking
 d - a scroll of enchant weapon {unknown}
 e - a scroll of identify {unknown}


   Skills:
 + Level 0.1 Short Blades
 + Level 2.6 Dodging
 + Level 2.9 Stealth
 + Level 4.3 Spellcasting


You had 8 spell levels left.
You knew the following spells:

 Your Spells              Type           Power      Damage    Failure   Level
a - Freeze                Ice            8%         1d3       21%         1

Your spell library contained the following spells:

 Spells                   Type           Power      Damage    Failure   Level
 Foxfire                  Conj/Fire      8%         2x1d4     21%         1
 Conjure Flame            Conj/Fire      2%         6-21      52%         3
 Inner Flame              Hex/Fire       2%         N/A       52%         3
 Ozocubu's Armour         Ice            2%         N/A       52%         3
 Flame Wave               Conj/Fire      2%         2d4       90%         4


Dungeon Overview and Level Annotations

Branches:
Dungeon (1/15)

Altars:
Ignis


Innate Abilities, Weirdness & Mutations

Your plain brown scales are hard. (AC +4)
You cannot fit into any form of body armour.
You are cold-blooded and may be slowed by cold attacks.


Message History

The hobgoblin completely misses you. The hobgoblin hits you.
* * * LOW HITPOINT WARNING * * *
The quokka twitches its whiskers.
The hobgoblin misses you. The hobgoblin closely misses you.
The hobgoblin hits you but does no damage.
The hobgoblin hits you but does no damage.
The hobgoblin completely misses you. The hobgoblin barely misses you.
The hobgoblin hits you.
* * * LOW HITPOINT WARNING * * *
The hobgoblin misses you. The hobgoblin closely misses you.
The hobgoblin hits you but does no damage.
A ball python comes into view.
The hobgoblin closely misses you. The hobgoblin barely misses you.
The ball python hisses angrily.
A hobgoblin comes into view.
The hobgoblin misses you.
The hobgoblin hits you but does no damage.
The hobgoblin misses you. The hobgoblin hits you.
* * * LOW HITPOINT WARNING * * *
The hobgoblin barely misses you.
The hobgoblin hits you but does no damage.
The hobgoblin completely misses you.
The hobgoblin hits you but does no damage.
The hobgoblin barely misses you.
The hobgoblin hits you but does no damage.
The hobgoblin barely misses you.
The quokka twitches its whiskers.
The hobgoblin hits you.
* * * LOW HITPOINT WARNING * * *
The hobgoblin barely misses you. The hobgoblin barely misses you.
The hobgoblin barely misses you. The hobgoblin hits you.
You die...

...#####################
..gSBrg@...............#
...############........#
#.#####..# #.#####..#
#.#....... #.#.......
#.#.)..... #.#.......
#.#.......


You could see a quokka, a giant cockroach, 2 hobgoblins and a ball python.

Vanquished Creatures
  A ball python (D:1)
  A bat (D:1)
  2 endoplasms (D:1)
  2 giant cockroaches (D:1)
  A hobgoblin (D:1)
  A kobold (D:1)
  A rat (D:1)
9 creatures vanquished.

Notes
Turn   | Place    | Note
-------+----------+-------------------------------------------
     0 | D:1      | Cecur the Draconian Wanderer began the quest for the Orb.
     0 | D:1      | Cecur set off with the following items: a +2 dagger, a
                  | scroll of blinking, a +0 pair of boots; and the following
                  | spell memorised: Freeze; and the following spells available
                  | to memorise: Ozocubu's Armour
     0 | D:1      | Reached XP level 1. HP: 14/14 MP: 5/5
   207 | D:1      | Found a faded altar of an unknown god.
   316 | D:1      | Prayed at the altar of an unknown god.
   316 | D:1      | Became a worshipper of Ignis, the Dying Flame
   384 | D:1      | Reached XP level 2. HP: 20/20 MP: 7/7
   545 | D:1      | Slain by a hobgoblin

Illustrated notes

Levels and vault maps discovered:
D:1:      giann_bridges, layout_basic, hellmonk_ecumenical_altar_blasted,
          minmay_tetromino_t4

Action                   || total
-------------------------++-------
Melee: Dagger            ||    38
       Tailslap          ||     4
Armor: Skin              ||    55
Dodge: Dodged            ||    95

Table legend: (Time is in decaauts)
 A = Elapsed time spent in this place.
 B = Non-inter-level travel time spent in this place.
 C = Inter-level travel time spent in this place.
 D = Time resting spent in this place.
 E = Time spent auto-exploring this place.
 F = Levels seen in this place.
 G = Mean time per level.
                   A        B        C        D        E       F      G
               +--------+--------+--------+--------+--------+-----+--------+
         Total |    547 |    547 |      0 |      0 |    330 |   1 |  547.0 |
       Dungeon |    547 |    547 |      0 |      0 |    330 |   1 |  547.0 |
               +--------+--------+--------+--------+--------+-----+--------+

Top non-repeatable levels by time:
     D:1: 547 daAuts
